 Dungeon Crawl Stone Soup version 0.20.0-8-g6b59dc7 (webtiles) character file.

15033 asdasd2 the Severer (level 11, -13/95 HPs)
             Began as a Minotaur Gladiator on May 31, 2017.
             Was the Champion of Okawaru.
             Mangled by a white ugly thing (34 damage)
             ... on level 12 of the Dungeon.
             The game lasted 00:20:19 (11524 turns).

asdasd2 the Severer (Minotaur Gladiator)           Turns: 11524, Time: 00:20:19

Health: -13/95     AC: 23    Str: 21    XL:     11   Next: 96%
Magic:  10/10      EV:  9    Int:  5    God:    Okawaru [******]
Gold:   349        SH:  0    Dex: 13    Spells: 10/10 levels left

rFire    . . .     SeeInvis +   H - +1 battleaxe (freeze)
rCold    . . .     Gourm    .   (shield currently unavailable)
rNeg     . . .     Faith    .   b - +0 plate armour
rPois    .         Spirit   .   g - +2 hat
rElec    .         Reflect  .   t - +0 cloak
rCorr    .         Harm     .   o - +0 pair of gloves
MR       .....                  A - +1 pair of boots
Stlth    ..........             (no amulet)
Regen    0.3/turn               E - ring of stealth
MPRegen  0.2/turn               l - ring of see invisible

@: no status effects
A: retaliatory headbutt, horns 2
a: Heroism, Finesse, Renounce Religion


You were on level 12 of the Dungeon.
You worshipped Okawaru.
Okawaru was exalted by your worship.
You were hungry.

You visited 2 branches of the dungeon, and saw 13 of its levels.

You collected 762 gold pieces.
You spent 413 gold pieces at shops.

Inventory:

Hand Weapons
 a - a +1 war axe
 H - a +1 battleaxe of freezing (weapon)
Missiles
 d - 5 throwing nets (quivered)
Armour
 b - a +0 plate armour (worn)
 g - a +2 hat (worn)
 j - a +0 chain mail
 o - a +0 pair of gloves (worn)
 t - a +0 cloak (worn)
 A - a +1 pair of boots (worn)
 L - a scarf of spirit shield
Jewellery
 c - an uncursed ring of poison resistance {unknown}
 h - an uncursed ring of poison resistance {unknown}
 i - a +6 ring of intelligence
 l - a ring of see invisible (right hand)
 u - an uncursed ring of flight
 E - a ring of stealth (left hand)
Wands
 z - a wand of confusion (31/48)
 J - a wand of iceblast (5/15)
Scrolls
 m - 2 scrolls of magic mapping
 p - 3 scrolls of remove curse
 v - a scroll of fear
 x - 4 scrolls of enchant armour
 y - 3 scrolls of amnesia
 D - 5 scrolls of enchant weapon
 F - 8 scrolls of teleportation
 G - 2 scrolls of recharging
 I - 2 scrolls of fog
 M - a scroll of holy word {unknown}
 N - a scroll of identify
Potions
 k - 2 potions of agility
 n - 2 potions of flight
 q - a potion of mutation {unknown}
 r - 3 potions of ambrosia
 w - 4 potions of curing
 B - a potion of invisibility
 K - 3 potions of haste
 O - a potion of heal wounds
Books
 e - a book of Cantrips

   Spells                             Type                      Level
   a - Confusing Touch                Hexes                        1
   b - Animate Skeleton               Necromancy                   1
   c - Summon Small Mammal            Summoning                    1
   d - Apportation                    Translocation                1
 C - a book of Minor Magic

   Spells                             Type                      Level
   a - Magic Dart                     Conjuration                  1
   b - Blink                          Translocation                2
   c - Call Imp                       Summoning                    2
   d - Slow                           Hexes                        2
   e - Conjure Flame                  Conjuration/Fire             3
   f - Mephitic Cloud                 Conjuration/Poison/Air       3
Comestibles
 f - 14 bread rations
 s - 6 meat rations


   Skills:
 + Level 8.5 Fighting
 * Level 16.6 Axes
 + Level 2.0 Throwing
 * Level 12.3 Armour
 + Level 4.5 Dodging
 - Level 0.1 Stealth


You had 10 spell levels left.
You didn't know any spells.

Dungeon Overview and Level Annotations

Branches:
Dungeon (12/15)            Temple (1/1) D:4            Lair (0/6) D:8
    Orc (0/2) D:10

Altars:
Ashenzari
Cheibriados
Dithmenos
Elyvilon
Fedhas
Gozag
Hepliaklqana
Kikubaaqudgha
Makhleb
Nemelex Xobeh
Okawaru
Qazlal
Ru
Sif Muna
Trog
Uskayaw
Vehumet
Xom
Yredelemnul
Zin
The Shining One

Shops:
D:5 }   D:7 ?   D:11 %

Portals:
Abyss: D:10


Innate Abilities, Weirdness & Mutations

You reflexively headbutt those who attack you in melee.
You have a pair of horns on your head.


Message History

The white ugly thing is heavily wounded.
You hit the white ugly thing. You headbutt the white ugly thing!
The white ugly thing is severely wounded.
The white ugly thing closely misses you.
You closely miss the white ugly thing.
You headbutt the white ugly thing, but do no damage.
The white ugly thing is severely wounded.
The white ugly thing bites you! The white ugly thing freezes you!!
You hit the white ugly thing but do no damage.
Your headbutt misses the white ugly thing.
The white ugly thing is severely wounded.
The white ugly thing bites you. The white ugly thing freezes you!!
You are too injured to fight recklessly!
You are too injured to fight recklessly!
You barely miss the white ugly thing.
The white ugly thing is severely wounded.
The white ugly thing bites you!
* * * LOW HITPOINT WARNING * * *
The white ugly thing freezes you!!
You die...

.(... .....
.....#####
#.......#
#[......#
#.......#
#.......#####
#....)).....#
#....@..###.#
######u#<#
.#†# .#.##.#
.#....#
.###### .. ##


You could see a white ugly thing.

Vanquished Creatures
  A centaur warrior (D:11)
  2 two-headed ogres
  3 ugly things
  A manticore (D:11)
  A centaur zombie (D:10)
  Joseph (D:8)
  A centaur skeleton (D:11)
  A red devil (D:10)
  3 hornets
  2 hippogriffs (D:7)
  16 yaks
  A spriggan (D:9)
  A wyvern (D:8)
  2 basilisks (D:8)
  A steam dragon (D:9)
  A water moccasin (D:6)
  5 orc warriors
  4 porcupines
  A sky beast (D:5)
  A black bear (D:8)
  2 ice beasts
  A phantom (D:7)
  2 necrophages
  4 ogres
  12 centaurs
  3 crocodiles
  A big kobold (D:7)
  10 bullfrogs
  A gnoll sergeant (D:8)
  2 scorpions
  6 killer bees
  5 wights (D:10)
  6 howler monkeys
  5 hounds
  4 crimson imps
  A bullfrog zombie (D:7)
  7 orc priests
  2 bullfrog skeletons
  7 iguanas
  3 jellies
  15 orc wizards
  9 worker ants
  3 hound skeletons
  A howler monkey zombie (D:6)
  A worker ant zombie (D:10)
  7 gnolls
  A howler monkey skeleton (D:10)
  8 adders
  2 shadow imps
  2 oozes
  A worm (D:2)
  3 dart slugs (D:1)
  2 leopard geckos
  49 orcs
  5 giant cockroaches
  6 goblins
  8 hobgoblins
  12 jackals
  6 quokkas
  3 ball pythons
  9 bats
  5 frilled lizards
  5 kobolds
  5 rats
301 creatures vanquished.

Vanquished Creatures (others)
  A fungus (D:8)
  8 plants (D:8)
9 creatures vanquished.

Grand Total: 310 creatures vanquished

Notes
Turn   | Place    | Note
-------+----------+-------------------------------------------
     0 | D:1      | asdasd2 the Minotaur Gladiator began the quest for the Orb.
     0 | D:1      | Reached XP level 1. HP: 18/18 MP: 0/0
   203 | D:1      | Reached skill level 4 in Axes
   203 | D:1      | Reached XP level 2. HP: 21/25 MP: 1/1
   583 | D:1      | Reached XP level 3. HP: 29/30 MP: 2/2
  1151 | D:2      | Reached skill level 1 in Armour
  1518 | D:3      | Reached skill level 5 in Axes
  1518 | D:3      | Reached XP level 4. HP: 37/37 MP: 3/3
  2277 | D:4      | Reached XP level 5. HP: 42/44 MP: 4/4
  2354 | D:4      | Reached skill level 6 in Axes
  2623 | D:4      | Found a staircase to the Ecumenical Temple.
  2658 | Temple   | Entered the Ecumenical Temple
  2740 | Temple   | Became a worshipper of Warmaster Okawaru
  3073 | D:5      | Entered Level 5 of the Dungeon
  3140 | D:5      | Reached XP level 6. HP: 22/51 MP: 5/5
  3506 | D:5      | Reached skill level 7 in Axes
  3632 | D:5      | Noticed a sky beast
  3646 | D:5      | Killed a sky beast
  3646 | D:5      | Reached * piety under Okawaru
  3667 | D:5      | Found Vakkis's Gadget Shop.
  3797 | D:5      | Reached skill level 8 in Axes
  3797 | D:5      | Reached XP level 7. HP: 48/57 MP: 6/6
  4479 | D:6      | Found a sacrificial altar of Ru.
  4536 | D:6      | Reached skill level 5 in Armour
  4543 | D:6      | Reached ** piety under Okawaru
  4647 | D:6      | Reached skill level 9 in Axes
  4773 | D:6      | Reached XP level 8. HP: 66/66 MP: 7/7
  5014 | D:7      | Noticed a hippogriff
  5017 | D:7      | Killed a hippogriff
  5022 | D:7      | Reached *** piety under Okawaru
  5022 | D:7      | Reached skill level 10 in Axes
  5322 | D:7      | Found Yriobul's Magic Scroll Shop.
  5333 | D:7      | Bought 2 scrolls of enchant weapon for 210 gold pieces
  5333 | D:7      | Bought a scroll of identify for 28 gold pieces
  5333 | D:7      | Bought a scroll of identify for 28 gold pieces
  5333 | D:7      | Bought a scroll of teleportation for 42 gold pieces
  5607 | D:7      | Noticed a hippogriff
  5621 | D:7      | Killed a hippogriff
  5621 | D:7      | Reached skill level 11 in Axes
  5621 | D:7      | Reached XP level 9. HP: 57/73 MP: 8/8
  5907 | D:7      | Bought a scroll of enchant armour for 105 gold pieces
  5975 | D:8      | Reached skill level 5 in Fighting
  5992 | D:8      | Reached **** piety under Okawaru
  6095 | D:8      | Noticed a purple ugly thing
  6109 | D:8      | Killed a purple ugly thing
  6109 | D:8      | Reached skill level 12 in Axes
  6219 | D:8      | Noticed Joseph
  6743 | D:8      | Killed Joseph
  7025 | D:8      | Reached XP level 10. HP: 51/83 MP: 7/9
  7075 | D:8      | Reached ***** piety under Okawaru
  7075 | D:8      | Reached skill level 13 in Axes
  7105 | D:8      | Reached skill level 10 in Armour
  7261 | D:8      | Found a staircase to the Lair.
  7285 | D:8      | Received a gift from Okawaru
  7513 | D:8      | Received a gift from Okawaru
  7641 | D:8      | Noticed a two-headed ogre
  7656 | D:8      | Killed a two-headed ogre
  8012 | D:9      | Found a blossoming altar of Fedhas.
  8027 | D:9      | Noticed a two-headed ogre
  8175 | D:9      | Reached skill level 14 in Axes
  8571 | D:9      | Paralysed by a hornet for 3 turns
  8578 | D:9      | Paralysed by a hornet for 2 turns
  9038 | D:9      | Killed a two-headed ogre
  9038 | D:9      | Reached XP level 11. HP: 61/92 MP: 5/10
  9298 | D:10     | Entered Level 10 of the Dungeon
  9376 | D:10     | Noticed a purple ugly thing
  9458 | D:10     | Received a gift from Okawaru
  9576 | D:10     | Noticed a hell beast
  9621 | D:10     | Found a staircase to the Orcish Mines.
  9646 | D:10     | Found a one-way gate to the infinite horrors of the Abyss.
 10002 | D:10     | Killed a purple ugly thing
 10002 | D:10     | Reached skill level 15 in Axes
 10392 | D:11     | Reached skill level 16 in Axes
 10470 | D:11     | Found Xiotiowa's Food Shoppe.
 10526 | D:11     | Noticed a red ugly thing
 10534 | D:11     | Killed a red ugly thing
 10534 | D:11     | Reached ****** piety under Okawaru
 10754 | D:11     | Paralysed by a hornet for 2 turns
 10930 | D:11     | Noticed a centaur warrior
 10941 | D:11     | Killed a centaur warrior
 11518 | D:12     | Noticed a white ugly thing
 11524 | D:12     | Mangled by a white ugly thing

Skill      XL: |  1  2  3  4  5  6  7  8  9 10 11 |
---------------+----------------------------------+-----
Axes           | 4 5 6 8 9 11 12 14 16 | 16.6
Armour         | 1 2 3 4 6 8 9 11 12 | 12.3
Fighting       | 3 4 5 7 8 |  8.5
Dodging        | 4 |  4.5
Throwing       | |  2.0
Stealth        | |  0.1

Action                   |  1- 3 |  4- 6 |  7- 9 | 10-12 || total
-------------------------+-------+-------+-------+-------++-------
Melee: War axe           |    72 |   105 |   218 |   238 ||   633
       Headbutt          |     8 |    14 |    47 |   105 ||   174
       Battleaxe         |       |       |       |   199 ||   199
  Use: Scroll            |    11 |     5 |     4 |     4 ||    24
       Potion            |       |       |     2 |     5 ||     7
  Eat: Chunk             |     1 |     7 |     8 |    11 ||    27
       Fruit             |       |       |     5 |       ||     5
       Royal jelly       |       |       |       |     1 ||     1
Armor: Leather armour    |    24 |       |       |       ||    24
       Chain mail        |     7 |    56 |   121 |   143 ||   327
       Plate armour      |       |       |       |   120 ||   120
Dodge: Dodged            |    66 |    56 |   104 |   190 ||   416
